Get step-by-step instructions on how to execute this build order below. Start the game timer, and the build order will tick by so you can play in parallel with StarCraft on a second screen or mobile device.

Game Time

  0:00

Last Step

  N/A

Next Step

Upcoming Step



Don't want to look back and forth between 2 screens? Try out our Overwolf App, the Spawning Tool Build Advisor to get an in-game overlay with this build!

Complete Build Order

  12  0:00  Probe  
  13  0:12  Probe  
  14  0:18  Pylon  
  14  0:24  Probe  
  15  0:36  Probe  
  15  0:39  Gateway  
  16  0:48  Probe (Chrono Boost)  
  17  0:57  Assimilator  
  17  1:01  Probe (Chrono Boost)  
  17  1:02  Assimilator  
  18  1:10  Probe (Chrono Boost)  
  20  1:19  Probe (Chrono Boost)  
  20  1:25  Probe (Chrono Boost)  
  20  1:28  Cybernetics Core  
  21  1:33  Probe  
  23  1:47  Probe  
  23  1:54  Pylon  
  23  2:12  Probe  
  24  2:24  Probe (Chrono Boost)  
  24  2:25  Nexus  
  25  2:30  Stalker  
  25  2:34  Probe (Chrono Boost)  
  28  2:48  Stargate  
  28  2:57  Probe  
  29  3:01  Pylon  
  29  3:04  Assimilator x2  
  29  3:09  Probe (Chrono Boost)  
  30  3:19  Stalker  
  33  3:21  Probe (Chrono Boost)  
  33  3:26  Probe (Chrono Boost)  
  34  3:35  Probe  
  34  3:41  Probe  
  37  3:49  Probe (Chrono Boost)  
  37  3:53  Probe (Chrono Boost)  
  44  4:03  Probe (Chrono Boost)  
  44  4:04  Probe (Chrono Boost)  
  44  4:06  Void Ray  
  44  4:11  Probe  
  45  4:19  Probe  
  45  4:23  Probe  
  47  4:31  Probe  
  47  4:32  Fleet Beacon  
  47  4:36  Probe  
  49  4:39  Stargate  
  49  4:43  Probe  
  50  4:46  Robotics Facility  
  50  4:48  Probe  
  51  4:55  Probe (Chrono Boost)  
  52  5:00  Probe (Chrono Boost)  
  54  5:07  Probe (Chrono Boost)  
  54  5:16  Forge  
  54  5:28  Pylon  
  54  5:29  Protoss Air Weapons Level 1  
  54  5:30  Pylon  
  54  5:43  Carrier (Chrono Boost)  
  54  5:45  Carrier (Chrono Boost)  
  54  5:46  Observer, Probe  
  54  5:49  Robotics Bay  
  68  5:53  Protoss Ground Weapons Level 1  
  68  6:31  Nexus  
  68  6:36  Assimilator x2  
  68  6:37  Probe (Chrono Boost)  
  70  6:41  Probe (Chrono Boost)  
  70  7:08  Pylon  
  70  7:12  Pylon  
  70  7:15  Pylon  
  70  7:25  Carrier  
  70  7:26  Probe x2  
  70  7:27  Pylon  
  70  7:29  Colossus  
  78  7:30  Carrier, Pylon  
  90  7:37  Pylon  
  90  7:38  Probe x2  
  90  7:40  Pylon  
  92  7:44  Probe  
  92  7:50  Probe x2  
  95  7:56  Probe  
  96  8:02  Probe x2  
  98  8:07  Pylon  
  98  8:08  Pylon  
  98  8:14  Probe (Chrono Boost)  
  98  8:15  Probe (Chrono Boost)  
  98  8:19  Probe (Chrono Boost)  
  101  8:20  Carrier  
  101  8:23  Colossus  
  101  8:26  Probe (Chrono Boost)  
  109  8:27  Probe (Chrono Boost)  
  109  8:28  Carrier (Chrono Boost)  
  109  8:34  Probe (Chrono Boost)  
  122  8:46  Probe (Chrono Boost)  
  124  8:49  Probe (Chrono Boost)  
  124  9:16  Colossus  
  124  9:18  Pylon  
  124  9:21  Carrier (Chrono Boost), Pylon  
  130  9:29  Carrier (Chrono Boost)  
  130  9:31  Pylon  
  136  9:38  Extended Thermal Lance  
  142  9:41  Pylon  
  142  9:43  Pylon  
  148  9:59  Mothership (Chrono Boost)  
  148  10:10  Colossus  
  154  10:15  Pylon  
  154  10:17  Carrier (Chrono Boost)  
  160  10:23  Carrier (Chrono Boost)  
  166  10:31  Shield Battery  
  166  10:34  Shield Battery  
  166  10:38  Shield Battery  
  166  10:43  Photon Cannon  
  166  10:45  Photon Cannon  
  166  10:46  Photon Cannon  
  166  10:48  Photon Cannon  
  166  10:51  Photon Cannon  
  166  10:53  Photon Cannon